 Dungeon Crawl Stone Soup version 0.24.0-2-g5b39cebb1c (webtiles) character file.

Game seed: 3062400211588377109, levelgen mode: deterministic

2142 Mrkan the Cleaver (level 9, -9/71 HPs)
             Began as a Minotaur Fighter on Oct 30, 2019.
             Was a Believer of Hepliaklqana.
             Mangled by a sixfirhy (12 damage)
             ... summoned by a kobold demonologist
             ... in a bailey.
             The game lasted 00:11:09 (4805 turns).

Mrkan the Cleaver (Minotaur Fighter)                Turns: 4805, Time: 00:11:10

Health: -9/71      AC: 15    Str: 30    XL:     9   Next: 9%
Magic:  8/8        EV:  5    Int:  5    God:    Hepliaklqana [**....]
Gold:   219        SH: 18    Dex: 12    Spells: 8/8 levels left

rFire    + . .     SeeInvis .   l - +0 broad axe
rCold    . . .     Gourm    .   H - +1 large shield
rNeg     . . .     Faith    .   m - +0 chain mail
rPois    .         Spirit   .   (helmet restricted)
rElec    .         Reflect  .   w - +0 cloak of Terror {Str+3}
rCorr    .         Harm     .   (no gloves)
MR       .....                  (no boots)
Stlth    ..........             (no amulet)
HPRegen  0.21/turn              o - ring of protection from fire
MPRegen  0.11/turn              C - +3 ring of protection

@: mighty
A: retaliatory headbutt, reduced essence, horns 2
a: Recall Ancestor, Ancestor Identity, Renounce Religion


You were in a bailey.
You worshipped Hepliaklqana.
Hepliaklqana was pleased with you.
You were not hungry.

You visited 1 branch of the dungeon, and saw 7 of its levels.
You also visited: Bailey.

You collected 219 gold pieces.

Inventory:

Hand Weapons
 l - a +0 broad axe (weapon)
Armour
 m - a +0 chain mail (worn)
 w - the +0 cloak of Terror (worn) {Str+3}
   (You found it on level 4 of the Dungeon)

   It affects your strength (+3).
 H - a +1 large shield (worn)
Jewellery
 h - an uncursed ring of ice
 o - a ring of protection from fire (left hand)
 C - a +3 ring of protection (right hand)
Wands
 v - a wand of enslavement (4)
 z - a wand of iceblast (7)
Scrolls
 b - a scroll of enchant armour
 e - 5 scrolls of magic mapping
 g - 7 scrolls of remove curse
 i - 2 scrolls of fog
 j - a scroll of teleportation
 r - 2 scrolls of fear
 B - 2 scrolls of amnesia
Potions
 c - a potion of berserk rage {unknown}
 d - a potion of might
 k - a potion of agility {unknown}
 p - a potion of lignification {unknown}
 q - 3 potions of curing
 s - 2 potions of degeneration
 t - a potion of resistance
 u - a potion of magic
 x - a potion of haste {unknown}
 A - a potion of cancellation
 G - a potion of brilliance
Comestibles
 f - 14 rations
 n - 9 chunks of flesh


   Skills:
 + Level 7.4 Fighting
 * Level 9.4 Axes
 + Level 7.3 Armour
 + Level 7.3 Shields


You had 8 spell levels left.
You didn't know any spells.
Your spell library contained the following spells:

 Spells                   Type           Power        Failure   Level  Hunger
 Magic Dart               Conj           #...         100%        1    ##.....
 Blink                    Tloc           N/A          100%        2    ###....
 Call Imp                 Summ           #.......     100%        2    ###....
 Slow                     Hex            #.......     100%        2    ###....
 Conjure Flame            Conj/Fire      #.......     100%        3    ####...
 Mephitic Cloud           Conj/Pois/Air  #.......     100%        3    ####...


Dungeon Overview and Level Annotations

Branches:
Dungeon (7/15)             Bailey (1/1)
 Temple: D:4-7

Altars:
Ashenzari
Dithmenos
Hepliaklqana
Nemelex Xobeh
Sif Muna
Yredelemnul

Annotations:
D:6 1 runed translucent door, TimelessDreamer's ghost, novice HuWn


Innate Abilities, Weirdness & Mutations

You reflexively headbutt those who attack you in melee.
You have a pair of horns on your head.
Your life essence is reduced to manifest your ancestor. (-10% HP)


Message History

You slice the orc knight!!
The orc knight is moderately wounded.
You block the orc knight's attack.
You completely miss the orc sorcerer. Your headbutt misses the orc sorcerer.
You closely miss the orc knight. The orc sorcerer closely misses you.
The kobold demonologist mumbles some strange words.
The orc knight hits you with a +0 battleaxe!
* * * LOW HITPOINT WARNING * * *
The kobold demonologist casts a spell.
The kobold demonologist miscasts a cantrip.
There is a large open door here.
There is an open gate here.
The sixfirhy hits you.
* * * LOW HITPOINT WARNING * * *
The sixfirhy shocks you!
* * * LOW HITPOINT WARNING * * *
The sixfirhy hits you.
* * * LOW HITPOINT WARNING * * *
The sixfirhy shocks you!
You die...

#..⌠..#K.####
+.....'..#
+.[)).'..#
#####'''#####
#...........#
##≈≈≈≈.o.≈≈≈≈##
≈≈≈≈≈≈...≈≈≈≈≈≈≈
≈≈≈≈≈≈.3.≈≈≈≈≈≈≈
≈≈≈≈≈≈.@.≈≈≈≈≈≈≈
≈≈≈≈≈≈...≈≈≈≈≈≈≈
≈≈≈.........≈≈≈≈
####.......####
#.......#
#.......#
#...∩...#
#.......#
###...###


You could see an orc knight and a sixfirhy.

Vanquished Creatures
  2 orc warriors
  An ice beast (D:6)
  3 ogres
  3 centaurs
  Blork the orc (D:5)
  A scorpion (D:4)
  A centaur zombie (D:6)
  A crimson imp (D:5)
  An orc priest (D:5)
  A jelly (D:6)
  2 orc wizards (D:5)
  Ijyb (D:3)
  3 iguanas
  5 worker ants
  2 killer bee zombies
  A hound skeleton (D:5)
  A howler monkey skeleton (D:5)
  4 adders
  3 gnolls (D:4)
  An ooze (D:2)
  An adder skeleton (D:4)
  A dart slug (D:1)
  5 leopard geckos
  9 orcs
  6 bats
  2 giant cockroaches
  A gnoll zombie (D:6)
  10 goblins
  3 hobgoblins
  12 jackals
  2 quokkas
  2 ball pythons
  3 frilled lizards
  8 kobolds
  9 rats
112 creatures vanquished.

Vanquished Creatures (collateral kills)
  Grinder (D:3)
  A phantom (D:5)
  2 ogres (D:4)
  A bullfrog (D:3)
  An orc wizard (D:5)
  2 worker ants (D:5)
  A gnoll (D:4)
  An adder (D:4)
  3 orcs
  A gnoll zombie (D:6)
  A goblin (Bailey)
  2 jackals
  2 kobolds (D:3)
  2 rats (D:3)
21 creatures vanquished.

Vanquished Creatures (others)
  A battlemage (Bailey)
  An ancestor (D:5)
2 creatures vanquished.

Grand Total: 135 creatures vanquished

Notes
Turn   | Place    | Note
-------+----------+-------------------------------------------
     0 | D:1      | Mrkan the Minotaur Fighter began the quest for the Orb.
     0 | D:1      | Reached XP level 1. HP: 19/19 MP: 0/0
    19 | D:1      | Reached XP level 2. HP: 27/27 MP: 1/1
   106 | D:1      | Reached skill level 3 in Axes
   467 | D:1      | Reached XP level 3. HP: 33/33 MP: 2/2
  1033 | D:2      | Found a faded altar of an unknown god.
  1218 | D:2      | Found a hazy altar of Hepliaklqana.
  1218 | D:2      | Found a shimmering blue altar of Sif Muna.
  1222 | D:2      | Became a worshipper of Hepliaklqana the Forgotten
  1358 | D:3      | Noticed Grinder
  1370 | D:3      | Killed Grinder
  1370 | D:3      | Reached skill level 5 in Axes
  1370 | D:3      | Reached XP level 4. HP: 36/36 MP: 3/3
  1370 | D:3      | Reached XP level 5. HP: 42/42 MP: 4/4
  1372 | D:3      | Reached XP level 6. HP: 49/49 MP: 5/5
  1550 | D:3      | Reached skill level 5 in Armour
  1550 | D:3      | Reached skill level 5 in Shields
  1562 | D:3      | Reached skill level 5 in Fighting
  1596 | D:3      | Noticed Ijyb
  1605 | D:3      | Killed Ijyb
  1839 | D:3      | Found a sparkling altar of Nemelex Xobeh.
  2167 | D:4      | Reached skill level 6 in Axes
  2167 | D:4      | Reached XP level 7. HP: 46/54 MP: 6/6
  2237 | D:4      | Reached * piety under Hepliaklqana
  2456 | D:4      | Reached skill level 7 in Axes
  2473 | D:4      | Got a crude cloak
  2484 | D:4      | Identified the cursed +0 cloak of Terror {Str+3} (You found
                  | it on level 4 of the Dungeon)
  2927 | D:5      | Entered Level 5 of the Dungeon
  3001 | D:5      | Reached XP level 8. HP: 42/63 MP: 7/7
  3333 | D:5      | Found a shadowy altar of Dithmenos.
  3341 | D:5      | Reached skill level 8 in Axes
  3700 | D:5      | Found a shadowy altar of Dithmenos.
  3700 | D:5      | Noticed Blork the orc
  3707 | D:5      | Killed Blork the orc
  3809 | D:6      | Noticed TimelessDreamer's ghost (novice HuWn)
  3818 | D:6      | Found a runed translucent door.
  3888 | D:6      | Reached skill level 9 in Axes
  3955 | D:6      | Reached ** piety under Hepliaklqana
  4090 | D:6      | Found a basalt altar of Yredelemnul.
  4198 | D:6      | Found a shattered altar of Ashenzari.
  4726 | D:7      | Found a flagged portal.
  4735 | D:7      | Reached XP level 9. HP: 71/71 MP: 8/8
  4739 | Bailey   | Entered a bailey
  4740 | Bailey   | Remembered your ancestor Mrkonja as a battlemage
  4786 | Bailey   | Found an iron altar of Okawaru.
  4786 | Bailey   | Noticed an orc sorcerer
  4786 | Bailey   | Noticed a kobold demonologist
  4786 | Bailey   | Noticed an orc knight
  4795 | Bailey   | Noticed a hellwing
  4798 | Bailey   | Noticed a sixfirhy
  4805 | Bailey   | HP: 3/71 [sixfirhy[a kobold demonologist] (5)]
  4805 | Bailey   | Mangled by a sixfirhy

Levels and vault maps discovered:
D:1:      dpeg_arrival_court, layout_loops_ring
D:2:      layout_loops_ring, gammafunk_temple_overflow_wave,
          chequers_ecumenical_altar_simple
D:3:      layout_basic, nicolae_overflow_hidden_temple, first_ration,
          kennysheep_generic_room_9, uniq_ijyb, uniq_grinder
D:4:      layout_rooms
D:5:      layout_rooms, kennysheep_little_box, nicolae_dithmenos_the_darkroom,
          uniq_blork_the_orc
D:6:      layout_basic, lemuel_zombie_altar_yredelemnul,
          cheibrodos_ashenzari_chains, hellmonk_ghost_happy_afterlife
D:7:      minmay_general_purpose_star, layout_basic,
          grunt_temple_overflow_lords_of_destruction,
          nicolae_qazlal_style_of_elements, minmay_temple_entry_mini_moons,
          enter_bailey_2, uniq_prince_ribbit1
Bailey:   bailey_axe_of_yendor_kennysheep, bailey

Skill      XL: |  1  2  3  4  5  6  7  8 |
---------------+-------------------------+-----
Axes           | 3 5 6 7 9 |  9.4
Shields        | 4 5 6 7 |  7.3
Fighting       | 4 5 6 7 |  7.4
Armour         | 4 5 6 7 |  7.3

Action                   |  1- 3 |  4- 6 |  7- 9 || total
-------------------------+-------+-------+-------++-------
Melee: War axe           |   120 |    66 |   168 ||   354
       Headbutt          |    11 |    11 |    40 ||    62
       Broad axe         |       |       |     3 ||     3
Invok: Ancestor Identity |     1 |       |       ||     1
       Ancestor Life: Ba |       |       |     1 ||     1
  Use: Scroll            |       |       |    15 ||    15
       Potion            |       |       |     1 ||     1
 Stab: Distracted        |       |       |     1 ||     1
  Eat: Chunk             |     1 |     3 |     9 ||    13
Armor: Scale mail        |    27 |       |       ||    27
       Chain mail        |    40 |    29 |    81 ||   150
Dodge: Dodged            |    41 |    19 |    53 ||   113
Block: Shield            |    69 |    31 |    95 ||   195
       Large shield      |       |       |     8 ||     8
